 Dungeon Crawl Stone Soup version bcrawl-1.24 (webtiles) character file.

Game seed: 6037540122612132634

186 Freyura the Cudgeler (level 5, -1/33 HPs)
             Began as a Gargoyle Monk on June 14, 2020.
             Was a Believer of Elyvilon.
             Killed by nerve-wracking pain
             ... invoked by Grinder
              (2 damage)
             ... on level 4 of the Dungeon.
             The game lasted 00:06:53 (3000 turns).

Freyura the Cudgeler (Gargoyle Monk)                Turns: 3000, Time: 00:06:53

Health: -1/33      AC: 10    Str: 14    XL:     5   Next: 66%
Magic:  0/7        EV: 11    Int: 11    God:    Elyvilon [**....]
Gold:   179        SH:  0    Dex: 13    Spells: 4/4 levels left

rFire    . . .     SeeInvis +   a - +0 mace
rCold    . . .     Gourm    .   (no shield)
rNeg     + . .     Faith    .   t - +0 ring mail
rPois    ∞         Spirit   +   c - +0 hat
rElec    +         Reflect  .   (no cloak)
rCorr    .         Harm     .   i - +0 pair of gloves
MR       .....                  (no boots)
Stlth    +.........             d - amulet of guardian spirit
HPRegen  0.11/turn              g - ring of see invisible
MPRegen  0.10/turn              (no ring)

@: no status effects
A: negative energy resistance 1, electricity resistance, unbreathing,
petrification resistance, rot immunity, AC +4
a: Lesser Healing, Heal Other, Divine Protection, Renounce Religion


You were on level 4 of the Dungeon.
You worshipped Elyvilon.
Elyvilon was pleased with you.
You were very hungry.

You visited 1 branch of the dungeon, and saw 4 of its levels.

You collected 179 gold pieces.

Inventory:

Hand Weapons
 a - a +0 mace (weapon)
Armour
 c - a +0 hat (worn)
 i - a +0 pair of gloves (worn)
 k - a +0 large shield
 m - a +0 chain mail
 t - a +0 ring mail (worn)
Jewellery
 d - an amulet of guardian spirit (around neck)
 g - a ring of see invisible (left hand)
Wands
 s - a wand of enslavement (10)
Scrolls
 f - 2 scrolls of remove curse
 l - a scroll of identify
 q - 2 scrolls of teleportation
 u - a scroll of magic mapping
Potions
 n - a potion of mutation {unknown}
 o - a potion of brilliance {unknown}
 p - 2 potions of curing {unknown}
Comestibles
 e - 2 rations {!d}


   Skills:
 + Level 4.0 Fighting
 * Level 4.2 Maces & Flails
 + Level 2.0 Armour
 + Level 3.0 Dodging
 - Level 2.4 Stealth
 + Level 1.5 Shields
 + Level 2.7 Invocations


You had 4 spell levels left.
You didn't know any spells.
Your spell library was empty.

Dungeon Overview and Level Annotations

Branches:
Dungeon (4/12)
 Temple: D:4-7

Altars:
Elyvilon

Annotations:
D:4 Grinder


Innate Abilities, Weirdness & Mutations

You are resistant to torment.
Your stone body is resilient. (AC +4)
You are immune to poison.
You resist negative energy. (rN+)
You are resistant to electric shocks. (rElec)
You can survive without breathing.
You are immune to petrification.
You are immune to rotting.


Message History

You barely resist. Grinder hits you but does no damage.
You barely miss Grinder.
Grinder is severely wounded.
Grinder hits you but does no damage.
You barely miss Grinder.
Grinder is severely wounded.
Grinder closely misses you. Grinder gestures at you.
Pain shoots through your body!
* * * LOW HITPOINT WARNING * * *
You hit Grinder.
Grinder is severely wounded.
Grinder gestures at you. You resist with significant effort.
Grinder hits you but does no damage.
You hit Grinder.
Grinder is almost dead.
Grinder closely misses you. Grinder gestures at you.
Pain shoots through your body!
You die...

#######
#5@...#
#.###.#
#.#...# #
#.#.###.####
#.#.........
#.#..##.###
#.#.......#
#.#..<..#.#
##......#


You could see Grinder.

Vanquished Creatures
  2 crimson imps (D:3)
  An orc wizard (D:3)
  An adder (D:2)
  2 oozes
  2 worms
  A dart slug (D:2)
  A leopard gecko (D:3)
  7 orcs
  4 bats
  3 giant cockroaches
  9 hobgoblins
  4 jackals (D:2)
  8 kobolds
  3 quokkas
  A ball python (D:3)
  2 frilled lizards (D:2)
  3 goblins
  5 rats
59 creatures vanquished.

Vanquished Creatures (others)
  A quokka (D:2)
1 creature vanquished.

Grand Total: 60 creatures vanquished

Notes
Turn   | Place    | Note
-------+----------+-------------------------------------------
     0 | D:1      | Freyura the Gargoyle Monk began the quest for the Orb.
     0 | D:1      | Reached XP level 1. HP: 14/14 MP: 2/2
   197 | D:1      | Reached XP level 2. HP: 16/19 MP: 3/3
  1086 | D:2      | Reached skill level 1 in Armour
  1086 | D:2      | Reached XP level 3. HP: 12/23 MP: 2/4
  1476 | D:2      | Found a white marble altar of Elyvilon.
  1493 | D:2      | Became a worshipper of Elyvilon the Healer
  1493 | D:2      | Reached * piety under Elyvilon
  1493 | D:2      | Reached ** piety under Elyvilon
  1824 | D:2      | Reached XP level 4. HP: 20/29 MP: 1/5
  2057 | D:3      | Reached skill level 1 in Shields
  2057 | D:3      | Reached XP level 5. HP: 28/33 MP: 6/6
  2986 | D:4      | Noticed Grinder
  2998 | D:4      | HP: 1/33 [Grinder/nerve-wracking pain (4)]
  3000 | D:4      | Killed from afar by Grinder

Skill      XL: |  1  2  3  4  5 |
---------------+----------------+-----
Armour         | 1 2 |  2.0
Maces & Flails | 4 |  4.2
Shields        | 1 |  1.5
Fighting       | 4 |  4.0
Dodging        | 3 |  3.0
Stealth        | |  2.4
Invocations    | |  2.7

Action                   |  1- 3 |  4- 6 || total
-------------------------+-------+-------++-------
Melee: Mace              |   146 |   143 ||   289
  Use: Scroll            |       |     5 ||     5
 Stab: Sleeping          |     5 |     2 ||     7
  Eat: Chunk             |     2 |     4 ||     6
Armor: Robe              |    67 |    26 ||    93
       Ring mail         |       |    39 ||    39
Dodge: Dodged            |   107 |   117 ||   224
